 Dungeon Sprint DCSS version 0.31-a0-960-g0fca184906 (webtiles) character file.

Game seed: 13018993999148724644

9009 fingers the Crack Shot (level 11, -3/112 HPs)
             Began as a Minotaur Hunter on Oct 23, 2023.
             Was the Champion of Qazlal.
             Slain by a bennu (11 damage)
             ... in the Dungeon (Sprint V: "Ziggurat Sprint").
             The game lasted 00:02:44 (873 turns).

fingers the Crack Shot (Minotaur Hunter)             Turns: 873, Time: 00:02:44

Health: -3/112     AC: 34    Str: 27    XL:     11   Next: 17%
Magic:  10/10      EV: 11    Int:  6    God:    Qazlal [******]
Gold:   0          SH:  8    Dex: 19    Spells: 10/10 levels left

rFire   . . .        B - +8 storm bow {elec, penet}
rCold   . . .        (shield currently unavailable)
rNeg    . . .        C - +15 Maxwell's patent armour {-Cast -Tele rElec Will+ rCorr}
rPois   .            (helmet restricted)
rElec   +            (no cloak)
rCorr   +            (no gloves)
SInv    .            (no boots)
Will    +....        (no amulet) Stlth
                     z - +6 ring of strength
HPRegen 0.38/turn    A - +6 ring of strength
MPRegen 0.12/turn

%: no teleportation, no spellcasting, repel missiles
@: protected from physical damage
A: horns 2, retaliatory headbutt
a: Renounce Religion, Upheaval, Elemental Force, Disaster Area


You were in the Dungeon.
You worshipped Qazlal.
Qazlal was exalted by your worship.
You visited 1 branch

Inventory:

Hand Weapons
 a - a +0 shortbow
 B - the +8 storm bow (weapon) {elec, penet}
   (You found it in the Dungeon)
Armour
 c - a +0 leather armour
 C - the +15 Maxwell's patent armour (worn) {-Cast -Tele rElec Will+ rCorr}
   (You found it in the Dungeon)

   rElec:     It insulates you from electricity.
   Will+:     It increases your willpower.
   -Cast:     It prevents spellcasting.
   -Tele:     It prevents most forms of teleportation.
   rCorr:     It protects you from acid and corrosion.
 D - the +18 shield of the Gong {Loud rN+ Will+ rCorr EV-5}
   (You found it in the Dungeon)

   Loud:      It is deafeningly noisy when blocking attacks.
   EV-5:      It affects your evasion (-5).
   rN+:       It protects you from negative energy.
   Will+:     It increases your willpower.
   rCorr:     It protects you from acid and corrosion.
 G - a scarf of harm
 I - a +1 helmet of intelligence
Jewellery
 e - an amulet of reflection
 u - a ring of flight
 v - a +6 ring of dexterity
 w - a +6 ring of dexterity
 x - a +6 ring of intelligence
 y - a +6 ring of intelligence
 z - a +6 ring of strength (left hand)
 A - a +6 ring of strength (right hand)
 E - an amulet of magic regeneration
 F - the ring of the Heavens {AC+4 Dex+2 SInv}
   (You found it in the Dungeon)

   [ring of protection]

   AC+4:      It affects your AC (+4).
   Dex+2:     It affects your dexterity (+2).
   SInv:      It lets you see invisible.
 J - an amulet of guardian spirit
 K - an amulet of the acrobat
 N - a ring of see invisible
Wands
 s - a wand of mindburst (7)
 t - a wand of quicksilver (11)
 M - a wand of flame (6)
 O - a wand of charming (3)
 P - a wand of roots (6)
Scrolls
 b - a scroll of butterflies
 i - 4 scrolls of blinking
 o - 4 scrolls of amnesia
 p - 7 scrolls of fog
 q - 5 scrolls of identify
 r - a scroll of fear
 H - 2 scrolls of brand weapon
 L - 4 scrolls of enchant weapon
Potions
 d - 9 potions of curing
 f - 6 potions of haste
 g - 7 potions of magic
 h - 3 potions of berserk rage
 j - 2 potions of brilliance
 k - 2 potions of invisibility
 l - 4 potions of resistance
 m - a potion of experience
 n - 5 potions of might


   Skills:
 + Level 15.2 Fighting
 + Level 21.4 Ranged Weapons
 + Level 13.6 Armour
 + Level 6.0 Dodging
 + Level 0.7 Stealth
 + Level 8.7 Shields


You had 10 spell levels left.
You didn't know any spells.
Your spell library contained the following spells:

 Spells                   Type           Power      Damage    Failure   Level
 Sting                    Tmut/Pois      0%         1d3       98%         1
 Blink                    Tloc           0%         N/A       99%         2
 Passwall                 Tmut/Erth      0%         N/A       99%         2
 Poisonous Vapours        Pois/Air       0%         N/A       99%         2
 Stone Arrow              Conj/Erth      0%         3d7       100%        3
 Teleport Other           Tloc           0%         N/A       100%        3
 Tukima's Dance           Hex            0%         N/A       100%        3
 Volatile Blastmotes      Fire/Tloc      0%         2d10      100%        3
 Animate Armour           Summ/Erth      0%         N/A       100%        4
 Animate Dead             Necr           0%         N/A       100%        4
 Cause Fear               Hex            0%         N/A       100%        4
 Leda's Liquefaction      Hex/Erth       0%         N/A       100%        4
 Manifold Assault         Tloc           0%         N/A       100%        4
 Olgreb's Toxic Radiance  Pois           0%         N/A       100%        4
 Passage of Golubria      Tloc           0%         N/A       100%        4
 Petrify                  Tmut/Erth      0%         N/A       100%        4
 Vhi's Electric Charge    Tloc/Air       0%         N/A       100%        4
 Fireball                 Conj/Fire      0%         3d3       100%        5
 Yara's Violent Unravell  Hex/Tmut       0%         3d3       100%        5
 Haunt                    Necr/Summ      0%         N/A       100%        7
 Infestation              Necr           0%         N/A       100%        8
 Chain Lightning          Conj/Air       0%         N/A       100%        9
 Dragon's Call            Summ           0%         N/A       100%        9
 Fire Storm               Conj/Fire      0%         5d1       100%        9
 Shatter                  Erth           0%         3d5*      100%        9


Dungeon Overview and Level Annotations

Branches:
Dungeon (1/1)

Altars:
Ashenzari
Cheibriados
Dithmenos
Elyvilon
Fedhas
Gozag
Hepliaklqana
Kikubaaqudgha
Makhleb
Nemelex Xobeh
Okawaru
Qazlal
Ru
Sif Muna
Trog
Uskayaw
Vehumet
Wu Jian
Xom
Yredelemnul
Zin
The Shining One
Jiyva
Lugonu


Innate Abilities, Weirdness & Mutations

You have a pair of horns on your head.
You reflexively headbutt those who attack you in melee.


Message History

You feel protected from physical attacks.
The mummy is engulfed in blazing flames.
You destroy the mummy!
Qazlal accepts your kill.
You shoot an arrow. The arrow pierces through the bennu.
The bennu is lightly wounded.
The bennu pecks you but does no damage.
The bennu claws you but does no damage. x2
The bennu pecks you but does no damage. The bennu claws you but does no damage.
The bennu closely misses you.
The guardian mummy is engulfed in blazing flames.
The guardian mummy hits you but does no damage.
The guardian mummy is engulfed in blazing flames.
You shoot an arrow. The arrow misses the bennu.
The bennu pecks you but does no damage. The bennu claws you but does no damage.
You block the bennu's attack.
The guardian mummy is engulfed in blazing flames.
You block the guardian mummy's attack. The bennu pecks you but does no damage.
The bennu claws you but does no damage. x2
The guardian mummy is engulfed in blazing flames.
The guardian mummy hits you!
* * * LOW HITPOINT WARNING * * *
You feel more protected from physical attacks.
You shoot an arrow. The arrow pierces through the bennu!!
Lightning courses through the bennu!
The bennu is heavily wounded.
The bennu pecks you but does no damage. The bennu barely misses you.
The bennu misses you.
You feel better. You block the bennu's attack. The bennu claws you!
* * * LOW HITPOINT WARNING * * *
You feel more protected from physical attacks.
The bennu claws you but does no damage. The guardian mummy hits you!
* * * LOW HITPOINT WARNING * * *
The guardian mummy is engulfed in blazing flames.
You destroy the guardian mummy!
Qazlal accepts your kill.
You feel extremely nervous for a moment...
Your body is wracked with pain!
* * * LOW HITPOINT WARNING * * *
The bennu pecks you!
You die...

▓..:|))[..▓
▓...%/=:..▓
▓.........▓
▓.........▓
▓.........▓
▓....M....▓
▓....Mb...▓
▓...○°@.○.▓
▓▓▓▓▓▓▓▓▓▓▓


You could see a bennu and 2 guardian mummies.

Vanquished Creatures
  A bennu (D)
  2 mummy priests (D)
  2 death scarabs (D)
  A cyclops (D)
  4 draconians (D)
  5 yaktaurs (D)
  3 guardian mummies (D)
  2 komodo dragons (D)
  A flying skull (D)
  A spriggan (D)
  4 yaks (D)
  2 basilisks (D)
  A water moccasin (D)
  A black bear (D)
  3 wolves (D)
  A bullfrog (D)
  A jelly (D)
  3 iguanas (D)
  5 mummies (D)
  2 river rats (D)
  A shadow imp (D)
  An adder zombie (D)
  A bat zombie (D)
  2 endoplasms (D)
  2 jackals (D)
52 creatures vanquished.

Notes
Turn   | Place    | Note
-------+----------+-------------------------------------------
     0 | D        | fingers the Minotaur Hunter began the quest for the Orb.
     0 | D        | Reached XP level 1. HP: 18/18 MP: 0/0
     0 | D        | Found a shimmering blue altar of Sif Muna.
     0 | D        | Found a bloodstained altar of Trog.
     0 | D        | Found a sacrificial altar of Ru.
     0 | D        | Found a stormy altar of Qazlal.
     0 | D        | Found an iron altar of Okawaru.
     1 | D        | Found a sparkling altar of Nemelex Xobeh.
     1 | D        | Found a blossoming altar of Fedhas.
     1 | D        | Found the +6 Majin-Bo {spellvamp, MP+6 Int+6}
     1 | D        | Found the +27 heavy crossbow "Sniper" {heavy, Acc+∞ SInv}
     1 | D        | Found the +10 dark maul {heavy}
     1 | D        | Found the +15 Maxwell's patent armour {-Cast -Tele rElec
                  | Will+ rCorr}
     1 | D        | Found the +18 shield of the Gong {Loud rN+ Will+ rCorr
                  | EV-5}
     1 | D        | Found the +16 obsidian axe {drain, demonic, Mesm Drain Fly
                  | SInv}
     1 | D        | Found the +7 great mace "Firestarter" {flame, immolate,
                  | rFlCloud rF++}
     1 | D        | Found the +6 shillelagh "Devastator" {shatter}
     1 | D        | Found the +11 plutonium sword {Contam Stlth-}
     1 | D        | Found the +8 lance "Wyrmbane" {slay drac, rPois rF+ rC+
                  | AC+3}
     1 | D        | Found the +9 sword of Zonguldrok {reap}
     1 | D        | Found the +13 scythe of Curses {drain, curses, Drain}
     1 | D        | Found the +9 sword of Power {lifebolt}
     1 | D        | Found the +7 mace of Variability {chaos, chaos arc}
     1 | D        | Found the +11 Singing Sword {sonic wave}
     1 | D        | Found the +8 storm bow {elec, penet}
     3 | D        | Found a transporter.
     3 | D        | Found an ancient bone altar of Kikubaaqudgha.
     3 | D        | Found a viscous altar of Jiyva.
     3 | D        | Found a corrupted altar of Lugonu.
     3 | D        | Found a hazy altar of Hepliaklqana.
     3 | D        | Found a burning altar of Makhleb.
     3 | D        | Found an opulent altar of Gozag.
    51 | D        | Became a worshipper of Qazlal Stormbringer
    78 | D        | Entered arena 2.
    78 | D        | Found a transporter.
    83 | D        | Reached skill level 6 in Ranged Weapons
    83 | D        | Reached XP level 2. HP: 25/25 MP: 1/1
    88 | D        | Entered arena 3.
    88 | D        | Found a transporter.
    91 | D        | Reached * piety under Qazlal
    92 | D        | Reached skill level 8 in Ranged Weapons
    92 | D        | Reached XP level 3. HP: 31/31 MP: 2/2
   118 | D        | Entered arena 4.
   118 | D        | Noticed a draconian
   118 | D        | Noticed a draconian
   118 | D        | Noticed a draconian
   118 | D        | Noticed a draconian
   118 | D        | Found a transporter.
   131 | D        | Killed a draconian
   131 | D        | Reached ** piety under Qazlal
   132 | D        | Reached skill level 13 in Ranged Weapons
   132 | D        | Reached skill level 1 in Shields
   132 | D        | Reached XP level 4. HP: 34/45 MP: 3/3
   132 | D        | Reached XP level 5. HP: 39/51 MP: 4/4
   132 | D        | Reached XP level 6. HP: 44/58 MP: 5/5
   136 | D        | Killed a draconian
   137 | D        | Reached skill level 15 in Ranged Weapons
   137 | D        | Reached skill level 5 in Armour
   137 | D        | Reached XP level 7. HP: 39/67 MP: 6/6
   138 | D        | Killed a draconian
   139 | D        | Reached skill level 16 in Ranged Weapons
   139 | D        | Reached skill level 5 in Dodging
   139 | D        | Reached XP level 8. HP: 33/75 MP: 7/7
   146 | D        | Killed a draconian
   147 | D        | Reached skill level 17 in Ranged Weapons
   275 | D        | Got the ring of the Heavens {AC+4 Dex+2 SInv}
   281 | D        | Entered arena 5.
   281 | D        | Found a transporter.
   282 | D        | Reached *** piety under Qazlal
   305 | D        | Entered arena 6.
   305 | D        | Found a transporter.
   306 | D        | Reached **** piety under Qazlal
   309 | D        | Reached skill level 10 in Fighting
   310 | D        | Reached skill level 18 in Ranged Weapons
   310 | D        | Reached XP level 9. HP: 85/85 MP: 8/8
   315 | D        | Got the Precepts of Leaden Superposition
   329 | D        | Entered arena 7.
   329 | D        | Noticed a yaktaur
   329 | D        | Noticed a yaktaur
   329 | D        | Noticed a yaktaur
   329 | D        | Noticed a yaktaur
   329 | D        | Noticed a yaktaur
   329 | D        | Noticed a cyclops
   331 | D        | Killed a cyclops
   331 | D        | Reached ***** piety under Qazlal
   336 | D        | Killed a yaktaur
   339 | D        | Found a transporter.
   342 | D        | Killed a yaktaur
   343 | D        | Reached skill level 19 in Ranged Weapons
   345 | D        | Killed a yaktaur
   348 | D        | Killed a yaktaur
   351 | D        | Killed a yaktaur
   352 | D        | Reached skill level 5 in Shields
   497 | D        | Entered arena 8.
   497 | D        | Noticed a komodo dragon
   499 | D        | Killed a komodo dragon
   500 | D        | Reached skill level 10 in Armour
   501 | D        | Reached XP level 10. HP: 100/100 MP: 9/9
   503 | D        | Reached ****** piety under Qazlal
   512 | D        | Found a transporter.
   536 | D        | Got the Tome of the Plutonic Door
   538 | D        | Got the Guidebook on Breccia
   543 | D        | Entered arena 9.
   546 | D        | Reached skill level 20 in Ranged Weapons
   553 | D        | Found a transporter.
   564 | D        | Entered arena 10.
   564 | D        | Found the +5 Lochaber axe {reach-cleave, Poleaxe Drain}
   564 | D        | Noticed a mummy priest
   564 | D        | Noticed a mummy priest
   564 | D        | Noticed a death scarab
   568 | D        | Noticed an orange demon
   568 | D        | Killed a death scarab
   576 | D        | Killed a mummy priest
   581 | D        | Noticed a flayed ghost
   581 | D        | Noticed a flayed ghost
   585 | D        | Noticed a smoke demon
   586 | D        | Killed a mummy priest
   587 | D        | Reached skill level 21 in Ranged Weapons
   835 | D        | Found a transporter.
   857 | D        | Entered arena 11.
   857 | D        | Noticed a bennu
   857 | D        | Noticed a death scarab
   860 | D        | Killed a death scarab
   861 | D        | Reached XP level 11. HP: 111/111 MP: 10/10
   866 | D        | Killed a bennu
   866 | D        | Noticed a bennu
   867 | D        | Reached skill level 15 in Fighting
   873 | D        | Slain by a bennu

Illustrated notes

Levels and vault maps discovered:
D:        sprint_v [room_start, room_1, room_2, room_3, room_4, room_5, room_6,
          room_7, room_8, room_9, room_10, room_11, room_12, room_13, room_14,
          room_15, room_16, room_17, room_18, room_19, room_20, room_21,
          room_22, room_23, room_24, room_25, room_26, room_27]

Skill      XL: |  1  2  3  4  5  6  7  8  9 10 11 |
---------------+----------------------------------+-----
Ranged Weapons | 6 8 13 15 16 18 19 21 | 21.4
Fighting       | 3 6 7 8 10 12 14 15 | 15.2
Armour         | 4 5 6 8 10 13 | 13.6
Dodging        | 4 5 6 |  6.0
Shields        | 1 2 3 5 8 |  8.7
Stealth        | |  0.7

Action                     |  1- 3 |  4- 6 |  7- 9 | 10-12 || total
---------------------------+-------+-------+-------+-------++-------
   Fire: Longbow           |    20 |     5 |    39 |    45 ||   109
    Use: Potion            |     3 |       |     4 |     4 ||    11
         Scroll            |       |       |       |     1 ||     1
 Armour: Plate armour      |    63 |    15 |    51 |    80 ||   209
  Dodge: Dodged            |    18 |     1 |    20 |    22 ||    61
  Block: Other             |     4 |     2 |    13 |    22 ||    41

Table legend: (Time is in decaauts)
 A = Elapsed time spent in this place.
 B = Non-inter-level travel time spent in this place.
 C = Inter-level travel time spent in this place.
 D = Time resting spent in this place.
 E = Time spent auto-exploring this place.
 F = Levels seen in this place.
 G = Mean time per level.
                   A        B        C        D        E       F      G
               +--------+--------+--------+--------+--------+-----+--------+
         Total |    910 |    905 |      5 |      0 |    553 |   1 |  910.0 |
       Dungeon |    910 |    905 |      5 |      0 |    553 |   1 |  910.0 |
               +--------+--------+--------+--------+--------+-----+--------+

Top non-repeatable levels by time:
       D: 910 daAuts
